AoeStats
← Element

Black Forest

507118516Analyzed
4v4 RM · 15d ago on Sep 16, 2026· 42m 33s· 8 players
Game mode
Random Map
Map size
Large (8 player)
Population
200
Speed
Normal
Resources
Standard
Victory
Conquest
Starting age
Dark Age
Ending age
Imperial Age
RankedLock teamsTeams togetherTeam positionsShared explorationLock speedFull tech treeHidden civsTurbo modeCheats
Victory
Defeat
🇦🇷 Spanish · Argentina
1325
+14
🇦🇷 Khmer · Argentina
1324
+14
🇨🇳 Ethiopians · China
1324
+14
🇬🇧 Persians · United Kingdom
1205
+18
🇪🇸 Malay · Spain
1289
-16
🇨🇱 Mongols · Chile
1281
-15
🇨🇱 Burgundians · Chile
1266
-15
🇷🇺 Franks · Russia
1247
-14
KASIAN
4:24 Loom
11:09 Feudal Age
13:30 Wheelbarrow
13:51 Fishing Lines
14:15 Double-Bit Axe
16:48 Bow Saw
19:39 Castle Age
18:51 Horse Collar
20:13 Gillnets
22:26 Two-Man Saw
23:22 Gold Mining
23:24 Stone Mining
23:39 Heavy Plow
25:45 Hand Cart
26:24 Crop Rotation
26:41 Town Watch
29:12 Gold Shaft Mining
29:15 Stone Shaft Mining
32:06 Imperial Age
30:18 Scale Barding Armor
31:39 Burgundian Vineyards
32:53 Husbandry
33:17 Conscription
34:42 Chemistry
34:02 Ballistics
33:37 Fletching
34:08 Chain Barding Armor
33:59 Forging
34:15 Town Patrol
34:22 Capped Ram
35:58 Bodkin Arrow
36:38 Plate Barding Armor
36:28 Padded Archer Armor
36:11 Elite Skirmisher
38:45 Iron Casting
39:00 Scale Mail Armor
38:29 Pikeman
39:12 Squires
41:04 Halberdier
43:21 Blast Furnace
42:38 Chain Mail Armor
pauito79_ator
7:28 Loom
11:22 Feudal Age
11:20 Double-Bit Axe
14:56 Fishing Lines
15:54 Wheelbarrow
18:31 Castle Age
17:26 Gold Mining
18:49 Bow Saw
19:32 Gillnets
20:12 Town Watch
22:51 Gold Shaft Mining
22:10 Stone Mining
22:59 Fletching
23:10 Padded Archer Armor
24:05 Caravan
25:51 Hand Cart
28:47 Imperial Age
26:41 Crossbowman
27:49 Bodkin Arrow
28:10 Leather Archer Armor
29:30 Chemistry
29:01 Bracer
28:54 Horse Collar
29:38 Ballistics
30:21 Ring Archer Armor
30:20 Thumb Ring
30:48 Heavy Plow
30:28 Arbalester
31:39 Elite Skirmisher
32:21 Town Patrol
33:13 Stone Shaft Mining
36:52 Conscription
36:34 Forced Levy
36:51 Forging
QNA | JadoS
0:27 Loom
14:41 Feudal Age
18:25 Castle Age
19:04 Double-Bit Axe
20:26 Fletching
22:28 Horse Collar
23:18 Bow Saw
27:14 Wheelbarrow
26:23 Horse Collar
27:27 Gold Mining
27:31 Stone Mining
29:33 Town Watch
30:08 Heavy Plow
36:05 Imperial Age
34:00 Ballistics
33:51 Masonry
34:32 Bodkin Arrow
34:57 Bloodlines
35:46 Husbandry
35:08 Light Cavalry
35:52 Padded Archer Armor
35:58 Scale Barding Armor
36:05 Caravan
37:00 Leather Archer Armor
36:55 Forging
37:52 Heavy Camel Rider
40:58 Chain Barding Armor
Pandareeen
3:16 Loom
11:22 Feudal Age
11:51 Double-Bit Axe
18:09 Castle Age
17:24 Gold Mining
17:25 Stone Mining
19:13 Bow Saw
23:16 Wheelbarrow
24:41 Scale Barding Armor
24:55 Forging
25:10 Town Watch
26:28 Husbandry
27:24 Hand Cart
28:35 Gold Shaft Mining
30:48 Chain Barding Armor
31:04 Iron Casting
31:58 Town Patrol
37:26 Imperial Age
34:55 Fletching
35:30 Light Cavalry
38:19 #83
38:39 Siege Engineers
38:55 Ballistics
38:59 Conscription
38:25 Cavalier
39:59 Plate Barding Armor
40:25 Blast Furnace
40:04 Chivalry
40:12 Bodkin Arrow
40:57 Paladin
Element
1:54 Loom
13:13 Feudal Age
17:06 Castle Age
15:10 Double-Bit Axe
22:20 Wheelbarrow
21:33 Town Watch
22:04 Horse Collar
25:47 Town Patrol
27:07 Hand Cart
27:35 Bow Saw
28:14 Heavy Plow
28:21 Heavy Plow
32:17 Imperial Age
30:50 Forging
30:45 Scale Barding Armor
31:56 Husbandry
31:20 Light Cavalry
32:48 Chain Barding Armor
33:03 Iron Casting
32:48 Bloodlines
32:44 Gold Mining
33:50 Ballistics
33:39 Siege Engineers
34:44 Heavy Scorpion
36:20 Iron Casting
36:27 Conscription
36:34 Conscription
37:10 Double Crossbow
39:09 Blast Furnace
38:44 Plate Barding Armor
42:39 Plate Barding Armor
41:30 Hussar
43:37 Chemistry
42:50 Masonry
43:01 Fletching
Vinci_PL
6:16 Loom
12:19 Feudal Age
16:13 Castle Age
14:54 Double-Bit Axe
14:51 Horse Collar
17:54 Bow Saw
22:07 Wheelbarrow
23:33 Hand Cart
23:07 Town Watch
23:28 Heavy Plow
25:37 Gold Mining
25:38 Stone Mining
27:03 Scale Barding Armor
27:08 Forging
30:32 Imperial Age
28:16 Husbandry
28:40 Chain Barding Armor
28:20 Scale Mail Armor
30:22 Bloodlines
30:49 Iron Casting
30:30 Chain Mail Armor
29:38 Pikeman
32:17 Chemistry
30:40 Cavalier
31:57 Plate Barding Armor
32:30 Blast Furnace
31:46 Chain Mail Armor
31:21 Fletching
32:38 Two-Man Saw
31:18 Light Cavalry
32:36 Conscription
33:51 Squires
35:56 Plate Mail Armor
36:11 Masonry
36:23 Ballistics
35:51 Paladin
36:36 Halberdier
37:36 Bodkin Arrow
38:40 Architecture
38:49 Hoardings
Les Choristes
0:54 Loom
11:21 Feudal Age
15:29 Castle Age
13:28 Double-Bit Axe
13:47 Horse Collar
14:08 Fletching
16:25 Bow Saw
16:23 Heavy Plow
23:45 Wheelbarrow
25:22 Stone Mining
25:47 Bodkin Arrow
29:13 Imperial Age
26:53 Padded Archer Armor
27:17 Gold Mining
27:34 Bodkin Arrow
27:55 Leather Archer Armor
28:49 Gold Shaft Mining
28:58 Leather Archer Armor
28:45 Crossbowman
29:31 Thumb Ring
29:49 Ballistics
29:21 Town Watch
29:55 Bracer
30:46 Conscription
31:34 Ring Archer Armor
31:27 Hand Cart
31:02 Arbalester
31:47 Thumb Ring
32:48 Chemistry
33:04 Hand Cart
33:03 Thumb Ring
34:13 Torsion Engines
40:58 Scale Mail Armor
41:08 Forging
41:21 Hand Cart
41:06 Town Patrol
41:30 Scale Barding Armor
41:47 Siege Engineers
41:53 Masonry
41:27 Elite Shotel Warrior
42:23 Chain Mail Armor
41:57 Arson
42:13 Squires
Dangerous Penguin
12:45 Feudal Age
16:38 Castle Age
15:18 Double-Bit Axe
16:12 Loom
18:21 Bow Saw
18:16 Fishing Lines
19:33 Gillnets
20:43 Wheelbarrow
24:19 Gold Mining
26:14 Hand Cart
26:24 Scale Barding Armor
27:03 Forging
27:11 Bloodlines
27:13 Husbandry
28:59 Iron Casting
28:55 Chain Barding Armor
28:31 Horse Collar
32:32 Imperial Age
30:20 Fletching
30:54 Ballistics
30:45 Masonry
31:37 Bodkin Arrow
32:45 Gold Shaft Mining
33:12 Conscription
33:30 Plate Barding Armor
32:21 Heavy Camel Rider
34:30 Blast Furnace
33:43 Heavy Plow
33:42 Elite War Elephant
34:36 Elite War Elephant
35:48 Stone Mining
37:38 Hoardings
37:26 Guilds
39:38 Citadels
39:32 Light Cavalry
Connection lost

Rejoining the realm…

Still unreachable

The connection could not be restored.

Session expired

The server has moved on; the page needs a fresh start.